 Dungeon Crawl Stone Soup version 0.28.0-53-g5a82cb258f (webtiles) character file.

Game seed: 18024238069412512393

6799 LustLizard the Cleaver (level 10, 0/135 HPs)
             Began as a Minotaur Berserker on July 22, 2022.
             Was an Elder of Trog.
             Slain by a sixfirhy (8 damage)
             ... summoned by a kobold demonologist
             ... on level 10 of the Dungeon.
             The game lasted 00:23:14 (10833 turns).

LustLizard the Cleaver (Minotaur Berserker)        Turns: 10833, Time: 00:23:15

Health: 0/135      AC: 11    Str: 27    XL:     10   Next: 76%
Magic:  9/9        EV:  8    Int:  4    God:    Trog [****..]
Gold:   429        SH:  2    Dex:  9    Spells: 9/9 levels left

rFire   . . .      SeeInvis .   E - +4 flail
rCold   . . .      Faith    .   y - +0 buckler
rNeg    + . .      Spirit   .   g - +2 chain mail {rN+}
rPois   +          Reflect  .   (helmet restricted)
rElec   .          Harm     .   (no cloak)
rCorr   .          Rampage  .   (no gloves)
Will    .....                   h - +0 pair of boots
Stlth   ..........              B - amulet of regeneration
HPRegen 1.12/turn               O - ring of poison resistance
MPRegen 0.11/turn               (no ring)

@: berserking, very quick
A: horns 2, retaliatory headbutt
a: Renounce Religion, Berserk, Trog's Hand, Brothers in Arms


You were on level 10 of the Dungeon.
You worshipped Trog.
Trog was greatly pleased with you.
You visited 1 branch of the dungeon, and saw 10 of its levels.

You collected 484 gold pieces.
You spent 55 gold pieces at shops.

Inventory:

Hand Weapons
 a - a +0 hand axe
 E - a +4 flail (weapon)
 G - a +0 war axe
Missiles
 c - 2 curare-tipped darts
 l - 22 poisoned darts
 m - 207 stones (quivered)
 N - 6 boomerangs
Armour
 b - a +0 animal skin
 f - a +0 leather armour
 g - a +2 chain mail of positive energy (worn)
 h - a +0 pair of boots (worn)
 q - a +1 chain mail of poison resistance
 y - a +0 buckler (worn)
 L - a +0 plate armour
Jewellery
 B - an amulet of regeneration (around neck)
 F - an amulet of faith
 O - a ring of poison resistance (left hand)
Wands
 p - a wand of flame (32)
 J - a wand of iceblast (2)
Scrolls
 d - 2 scrolls of fear {unknown}
 j - 4 scrolls of teleportation
 o - 2 scrolls of vulnerability {unknown}
 r - a scroll of silence {unknown}
 s - a scroll of enchant weapon {unknown}
 t - 4 scrolls of noise {unknown}
 H - a scroll of torment {unknown}
 I - a scroll of fog
 K - a scroll of immolation {unknown}
 M - a scroll of amnesia {unknown}
Potions
 e - a potion of attraction
 i - a potion of lignification
 k - 3 potions of cancellation
 n - a potion of resistance
 u - 2 potions of haste
 v - a potion of might
 w - a potion of flight
 x - a potion of berserk rage
 z - 2 potions of curing
 A - 2 potions of ambrosia
 C - a potion of heal wounds
 D - a potion of degeneration


   Skills:
 + Level 8.9 Fighting
 * Level 11.9 Axes
 * Level 8.9 Throwing
 - Level 2.4 Armour
 - Level 2.1 Dodging
 * Level 7.0 Evocations


You had 9 spell levels left.
You didn't know any spells.
Your spell library was empty.

Dungeon Overview and Level Annotations

Branches:
Dungeon (10/15)            Temple (0/1) D:4            Lair (0/6) D:9
    Orc: D:9-12

Altars:
Elyvilon
Wu Jian

Shops:
D:1 =   D:8 **   D:10 [

Annotations:
D:3 2 transporters
D:7 1 runed translucent door, exclusion: orange crystal statue
D:10 Sonja


Innate Abilities, Weirdness & Mutations

You have a pair of horns on your head.
You reflexively headbutt those who attack you in melee.


Message History

The kobold demonologist is heavily wounded.
The kobold hits you but does no damage.
The kobold demonologist casts a spell.
The kobold hits you but does no damage.
The chaos spawn hits you but does no damage.
The kobold barely misses you.
You hit the kobold demonologist. You headbutt the kobold demonologist!
The kobold demonologist is severely wounded.
The kobold demonologist closely misses you.
You block the kobold's attack. The chaos spawn gores you.
You easily resist.
The kobold hits you but does no damage.
You hit the kobold demonologist but do no damage.
The kobold demonologist is severely wounded.
The kobold demonologist mumbles some strange words.
The kobold hits you but does no damage. The chaos spawn hits you!
You are engulfed in flames!
The crimson imp barely misses you. The kobold hits you but does no damage.
The kobold demonologist miscasts a cantrip.
You closely miss the kobold demonologist.
Your headbutt misses the kobold demonologist.
The kobold demonologist is severely wounded.
The sixfirhy hits you but does no damage.
The sixfirhy barely misses you. You block the sixfirhy's attack.
The sixfirhy hits you. The sixfirhy shocks you! The kobold barely misses you.
The crimson imp hits you but does no damage.
The chaos spawn gores you. The chaos spawn shocks you!
The kobold completely misses you.
The kobold demonologist hits you with a +0 dagger.
The sixfirhy hits you.
* * * LOW HITPOINT WARNING * * *
The sixfirhy shocks you!
* * * LOW HITPOINT WARNING * * *
A red film seems to cover your vision as you go berserk!
You feel yourself moving faster!
You feel mighty! The sixfirhy hits you.
* * * LOW HITPOINT WARNING * * *
The sixfirhy shocks you!
* * * LOW HITPOINT WARNING * * *
The sixfirhy hits you but does no damage.
The sixfirhy hits you!
You die...

#.
##.######
#.......###
#.........
#.......#
#.......#
#.......#
#.#...KK5.#
#.....5@..#
######4K3.#
###5## ..#
#.# .##


You could see a kobold demonologist, a sixfirhy (summoned), a chaos spawn
(summoned), an iron imp (summoned), 2 crimson imps and 2 kobolds.

Vanquished Creatures
  2 trolls
  A hornet (D:8)
  Prince Ribbit (D:7)
  7 yaks
  A wyvern (D:8)
  A steam dragon (D:9)
  5 humans
  4 water moccasins
  Duvessa (D:4)
  2 ice beasts
  3 orc warriors
  A sky beast (D:6)
  A necrophage (D:5)
  2 ogres
  The ghost of Diggabert the Magician, an amateur HuWz (D:4)
  A phantom (D:7)
  4 kobold brigands
  6 bullfrogs
  3 scorpions
  A wyvern zombie (D:8)
  Dowan (D:4)
  7 killer bees (D:9)
  5 wights (D:8)
  2 howler monkeys
  2 jellies
  A centaur zombie (D:6)
  7 hounds
  3 orc priests
  A gnoll shaman (D:6)
  A bullfrog skeleton (D:5)
  A centaur skeleton (D:6)
  Jessica (D:2)
  4 iguanas
  Natasha (thrice) (D:4)
  3 orc wizards
  2 hound zombies (D:5)
  A howler monkey zombie (D:7)
  6 adders
  4 gnolls
  A shadow imp (D:5)
  A white imp (D:6)
  An ufetubus (D:6)
  2 worms
  5 dart slugs
  14 orcs
  4 ball pythons
  15 endoplasms
  4 giant cockroaches
  2 hobgoblins
  10 jackals
  12 kobolds
  A quokka (D:1)
  3 bats
  2 frilled lizards
  4 goblins
  2 rats
186 creatures vanquished.

Vanquished Creatures (others)
  A fungus (D:9)
  4 plants (D:9)
5 creatures vanquished.

Grand Total: 191 creatures vanquished

Notes
Turn   | Place    | Note
-------+----------+-------------------------------------------
     0 | D:1      | LustLizard the Minotaur Berserker began the quest for the
                  | Orb.
     0 | D:1      | Reached XP level 1. HP: 19/19 MP: 0/0
   133 | D:1      | Reached skill level 4 in Axes
   326 | D:1      | Reached XP level 2. HP: 25/27 MP: 1/1
   742 | D:1      | Found Fairghiuq's Jewellery Emporium.
  1236 | D:2      | Reached XP level 3. HP: 33/33 MP: 2/2
  1347 | D:2      | Reached ** piety under Trog
  1400 | D:2      | Reached skill level 5 in Axes
  1433 | D:2      | Found a faded altar of an unknown god.
  1490 | D:2      | Noticed Jessica
  1497 | D:2      | Killed Jessica
  1498 | D:2      | Reached XP level 4. HP: 41/41 MP: 3/3
  1583 | D:2      | Found a white marble altar of Elyvilon.
  1816 | D:3      | Found a transporter.
  1877 | D:3      | Found a transporter.
  2013 | D:3      | Reached skill level 1 in Throwing
  2626 | D:4      | Reached XP level 5. HP: 47/47 MP: 4/4
  2660 | D:4      | Reached skill level 5 in Fighting
  2660 | D:4      | Reached skill level 6 in Axes
  2703 | D:4      | Noticed Duvessa
  2703 | D:4      | Noticed Dowan
  2717 | D:4      | Killed Dowan
  2718 | D:4      | Reached XP level 6. HP: 56/56 MP: 5/5
  2725 | D:4      | Killed Duvessa
  3107 | D:4      | Found a staircase to the Ecumenical Temple.
  3189 | D:4      | Noticed Natasha
  3193 | D:4      | Killed Natasha
  3194 | D:4      | Reached skill level 7 in Axes
  3269 | D:4      | Found a runed translucent door.
  3270 | D:4      | Noticed Diggabert's ghost (amateur HuWz)
  3512 | D:4      | Noticed Natasha
  3521 | D:4      | Killed Natasha
  3787 | D:4      | Noticed Natasha
  3790 | D:4      | Killed Natasha
  3791 | D:4      | Reached XP level 7. HP: 61/61 MP: 6/6
  3867 | D:4      | Killed Diggabert's ghost
  3902 | D:5      | Entered Level 5 of the Dungeon
  4351 | D:5      | Reached skill level 8 in Axes
  4351 | D:5      | Reached skill level 1 in Evocations
  4496 | D:5      | Reached XP level 8. HP: 70/70 MP: 7/7
  4603 | D:5      | Reached *** piety under Trog
  4604 | D:5      | Reached skill level 5 in Throwing
  5485 | D:6      | Reached skill level 9 in Axes
  5546 | D:6      | Noticed a troll
  5562 | D:6      | Killed a troll
  5714 | D:6      | Reached XP level 9. HP: 78/79 MP: 8/8
  6950 | D:7      | Found a runed translucent door.
  7358 | D:7      | Reached skill level 10 in Axes
  7410 | D:7      | Found a runed translucent door.
  7414 | D:7      | Found the +10 tower shield of Ignorance {rN+ Int-4}
  7440 | D:7      | Noticed an orange crystal statue
  7510 | D:7      | Noticed Prince Ribbit
  7514 | D:7      | Killed Prince Ribbit
  7976 | D:8      | Reached skill level 5 in Evocations
  8852 | D:8      | Reached XP level 10. HP: 55/88 MP: 9/9
  8992 | D:8      | Reached skill level 11 in Axes
  9511 | D:8      | Found Marom's General Store.
  9513 | D:8      | Found Ucro's Specific Store.
  9532 | D:8      | Bought a scroll of identify for 22 gold pieces
  9532 | D:8      | Bought a scroll of teleportation for 33 gold pieces
  9814 | D:9      | Reached **** piety under Trog
 10043 | D:9      | Found a staircase to the Lair.
 10457 | D:9      | Found an ornate altar of the Wu Jian Council.
 10778 | D:10     | Entered Level 10 of the Dungeon
 10778 | D:10     | Found Qothrev's Antique Armour Shop.
 10810 | D:10     | Noticed Sonja
 10830 | D:10     | Noticed a sixfirhy
 10833 | D:10     | Slain by a sixfirhy

Illustrated notes

Levels and vault maps discovered:
D:1:      psy_arrival_whirlpool, layout_loops_ring, serial_shops,
          nicolae_shop_hallway_plus
D:2:      layout_basic, basic_ecumenical_altar, basic_altar, grunt_ministairs_5,
          uniq_jessica
D:3:      gammafunk_steamed_eel, layout_loops_cross
D:4:      layout_basic, minmay_temple_entry_mist, gammafunk_ghost_grave,
          hex_intersection, uniq_natasha, uniq_duvessa
D:5:      minmay_evil_eye, layout_loops_ring
D:6:      layout_gridville
D:7:      layout_basic, serial_corexii_hall, corexii_hall_statues_deadend,
          chequers_hall_statues_wall_a, chequers_guarded_unrand_ignorance,
          uniq_prince_ribbit1
D:8:      layout_rooms, nicolae_specific_store, minmay_ruffians
D:9:      layout_long_grid, pdpol_wu_jian_five_deadly_venoms,
          grunt_lair_entry_orc_guard_hut, minmay_misc_feat_rugged,
          nicolae_figureground_sparkle
D:10:     layout_roguey, serial_shops, nicolae_shop_stone,
          nicolae_shop_hallway_stairs, nicolae_shop_crystal,
          nicolae_shop_behind_doors, nicolae_shop_behind_doors,
          grunt_decor_fettered, hangedman_misty_isle, uniq_sonja, uniq_fannar

Skill      XL: |  1  2  3  4  5  6  7  8  9 10 |
---------------+-------------------------------+-----
Axes           | 4 5 6 7 8 9 10 11 | 11.9
Fighting       | 4 5 6 7 8 |  8.9
Throwing       | 1 2 3 4 6 7 8 |  8.9
Evocations     | 1 3 5 7 |  7.0
Armour         | |  2.4
Dodging        | |  2.1

Action                   |  1- 3 |  4- 6 |  7- 9 | 10-12 || total
-------------------------+-------+-------+-------+-------++-------
Melee: Hand axe          |    84 |   107 |   200 |       ||   391
       Headbutt          |    15 |    20 |    62 |    39 ||   136
       Punch             |       |     1 |     2 |       ||     3
       Flail             |       |       |    82 |   151 ||   233
Throw: Stone             |       |    39 |   146 |    79 ||   264
       Dart              |       |     2 |    10 |       ||    12
Invok: Trog's Hand       |     1 |     4 |     3 |       ||     8
       Berserk           |       |     1 |     3 |     1 ||     5
Evoke: Wand              |       |       |     4 |       ||     4
  Use: Scroll            |       |       |    10 |     4 ||    14
       Potion            |       |       |       |     1 ||     1
Armor: Animal skin       |     9 |       |       |       ||     9
       Chain mail        |    23 |    56 |   130 |    92 ||   301
       Leather armour    |     1 |       |       |       ||     1
Dodge: Dodged            |    34 |    29 |   101 |    80 ||   244
Block: Buckler           |       |       |    23 |    18 ||    41
